MLB
NEW YORK YANKEES @ CHICAGO WHITE SOX
10/10/2046
 
TOP OF THE 1ST
New York Yankees batting - Pitching for Chicago White Sox : LHP Felix Bernal
Pitching: LHP Felix Bernal
Batting: RHB C.J. Richerson 0-0: Ball
1-0: Ball
2-0: Ground out 6-3 (Groundball, 6, EV 105.0 MPH)
Batting: RHB Adriaan Pieters 0-0: Fly out, F8 (Flyball, 78XD, EV 103.8 MPH)
Batting: SHB Bartholomeu Chambino 0-0: Ball
1-0: Ball
2-0: Ground out 4-3 (Groundball, 4, EV 84.4 MPH)
Top of the 1st over - 0 runs, 0 hits, 0 errors, 0 left on base; New York 0 - Chicago 0
BOTTOM OF THE 1ST
Chicago White Sox batting - Pitching for New York Yankees : RHP Sean Hill
Pitching: RHP Sean Hill
Batting: LHB Sidney Pedder 0-0: Called Strike
0-1: Ball
1-1: Foul Ball, location: 2F
1-2: Ball
2-2: Foul Ball, location: 2F
2-2: SINGLE (Line Drive, 8LS, EV 101.2 MPH)
Batting: SHB Cesar Herrera 0-0: Ball
1-0: Called Strike
Sidney Pedder steals 2nd base
1-1: Swinging Strike
1-2: Ball
2-2: Ball
3-2: Strikes out swinging
Batting: LHB Randy Rosenberry 0-0: Called Strike
0-1: Fly out, F7 (Flyball, 7D, EV 86.9 MPH)
Runner from 2nd tags up, SAFE at 3rd, no throw by LF
Batting: RHB Joseph Disepolo 0-0: 2-RUN HOME RUN (Flyball, 8LXD, EV 113.1 MPH), Distance : 433 ft
Batting: LHB Jack Christie 0-0: Called Strike
0-1: Ball
1-1: Ball
2-1: Ball
3-1: Base on Balls
Batting: SHB Junzo Kato 0-0: Ball
1-0: SINGLE (Groundball, 56S, EV 70.6 MPH) (infield hit)
Jack Christie to second
Batting: RHB Chris Cooper 0-0: Ground out 4-3 (Groundball, 4, EV 111.2 MPH)
Bottom of the 1st over - 2 runs, 3 hits, 0 errors, 2 left on base; New York 0 - Chicago 2
TOP OF THE 2ND
New York Yankees batting - Pitching for Chicago White Sox : LHP Felix Bernal
Batting: LHB Evan Torraville 0-0: Foul Ball, location: 2F
0-1: Foul Ball, location: 2F
0-2: Foul Ball, location: 2F
0-2: Ball
1-2: Foul Ball, location: 2F
1-2: Ball
2-2: Strikes out swinging
Batting: LHB Jim Skare 0-0: Swinging Strike
0-1: Swinging Strike
0-2: Ball
1-2: Ball
2-2: Foul Ball, location: 2F
2-2: Strikes out looking
Batting: RHB James Boynton 0-0: Called Strike
0-1: Ball
1-1: Ball
2-1: Ball
3-1: Base on Balls
Batting: LHB Jason Peck 0-0: Ball
1-0: Called Strike
1-1: Swinging Strike
1-2: Ball
2-2: Foul Ball, location: 2F
2-2: Strikes out swinging
Top of the 2nd over - 0 runs, 0 hits, 0 errors, 1 left on base; New York 0 - Chicago 2
BOTTOM OF THE 2ND
Chicago White Sox batting - Pitching for New York Yankees : RHP Sean Hill
Batting: SHB Vince Ealy 0-0: SINGLE (Flyball, 8LS, EV 98.8 MPH)
Batting: RHB Steve Castleberry 0-0: Called Strike
0-1: Fly out, F8 (Line Drive, 78M, EV 83.8 MPH)
Batting: LHB Sidney Pedder 0-0: Ball
1-0: Called Strike
1-1: Swinging Strike
1-2: Ground out 2-3 (Groundball, 2L, EV 63.1 MPH)
Vince Ealy to second
Batting: SHB Cesar Herrera 0-0: Ball
1-0: Called Strike
1-1: Called Strike
1-2: Foul Ball, location: 2F
1-2: Strikes out swinging
Bottom of the 2nd over - 0 runs, 1 hit, 0 errors, 1 left on base; New York 0 - Chicago 2
TOP OF THE 3RD
New York Yankees batting - Pitching for Chicago White Sox : LHP Felix Bernal
Batting: LHB Jordan de Jesus 0-0: Foul Ball, location: 2F
0-1: Ball
1-1: Fly out, F8 (Flyball, 89S, EV 91.2 MPH)
Batting: LHB Brad Ritter 0-0: Ball
1-0: Swinging Strike
1-1: Swinging Strike
1-2: Strikes out looking
Batting: RHB C.J. Richerson 0-0: Called Strike
0-1: Swinging Strike
0-2: Foul Ball, location: 2F
0-2: Ball
1-2: Ball
2-2: Foul Ball, location: 2F
2-2: Foul Ball, location: 2F
2-2: SINGLE (Groundball, 56D, EV 101.2 MPH)
Batting: RHB Adriaan Pieters 0-0: Ball
1-0: Foul Ball, location: 2F
1-1: Called Strike
1-2: Strikes out swinging
Top of the 3rd over - 0 runs, 1 hit, 0 errors, 1 left on base; New York 0 - Chicago 2
BOTTOM OF THE 3RD
Chicago White Sox batting - Pitching for New York Yankees : RHP Sean Hill
Batting: LHB Randy Rosenberry 0-0: Called Strike
0-1: SINGLE (Flyball, 56D, EV 83.1 MPH)
Batting: RHB Joseph Disepolo 0-0: Swinging Strike
0-1: Swinging Strike
0-2: Strikes out looking
Batting: LHB Jack Christie 0-0: Called Strike
Randy Rosenberry steals 2nd base
0-1: DOUBLE (Flyball, 8LXD, EV 100.0 MPH)
Randy Rosenberry scores
Batting: SHB Junzo Kato 0-0: Ball
1-0: Called Strike
1-1: Swinging Strike
1-2: Ball
2-2: Strikes out swinging
Batting: RHB Chris Cooper 0-0: Ball
1-0: Called Strike
1-1: Ball
2-1: Fly out, F8 (Flyball, 89M, EV 86.9 MPH)
Bottom of the 3rd over - 1 run, 2 hits, 0 errors, 1 left on base; New York 0 - Chicago 3
TOP OF THE 4TH
New York Yankees batting - Pitching for Chicago White Sox : LHP Felix Bernal
Batting: SHB Bartholomeu Chambino 0-0: Called Strike
0-1: Ball
1-1: Swinging Strike
1-2: Strikes out swinging
Batting: LHB Evan Torraville 0-0: Ball
1-0: SINGLE (Line Drive, 4M, EV 98.8 MPH)
Batting: LHB Jim Skare 0-0: Called Strike
0-1: Ball
Evan Torraville steals 2nd base
1-1: Ball
2-1: Swinging Strike
2-2: Strikes out swinging
Batting: RHB James Boynton 0-0: Foul Ball, location: 2F
0-1: Called Strike
0-2: Strikes out swinging
Top of the 4th over - 0 runs, 1 hit, 0 errors, 1 left on base; New York 0 - Chicago 3
BOTTOM OF THE 4TH
Chicago White Sox batting - Pitching for New York Yankees : RHP Sean Hill
Batting: SHB Vince Ealy 0-0: Called Strike
0-1: Called Strike
0-2: Foul Ball, location: 2F
0-2: SINGLE (Groundball, 13, EV 81.9 MPH) (infield hit)
Batting: RHB Steve Castleberry 0-0: Fly out, F8 (Flyball, 78D, EV 101.9 MPH)
Batting: LHB Sidney Pedder 0-0: Ball
1-0: Ball
2-0: Fly out, F8 (Flyball, 89D, EV 96.9 MPH)
Batting: SHB Cesar Herrera 0-0: Ball
Vince Ealy steals 2nd base
1-0: Ball
2-0: Ball
3-0: Ground out 4-3 (Groundball, 34, EV 82.5 MPH)
Bottom of the 4th over - 0 runs, 1 hit, 0 errors, 1 left on base; New York 0 - Chicago 3
TOP OF THE 5TH
New York Yankees batting - Pitching for Chicago White Sox : LHP Felix Bernal
Batting: LHB Jason Peck 0-0: Ball
1-0: Called Strike
1-1: SINGLE (Groundball, 3S, EV 66.9 MPH) (infield hit)
Pinch Runner at 1st Jarrod Joyce:
Batting: LHB Jordan de Jesus 0-0: Called Strike
0-1: Ball
1-1: Foul Ball, location: 2F
1-2: Foul Ball, location: 2F
1-2: Strikes out looking
Batting: LHB Brad Ritter 0-0: Foul Ball, location: 2F
0-1: Fly out, F7 (Flyball, 7LM, EV 104.4 MPH)
Batting: RHB C.J. Richerson 0-0: Called Strike
0-1: Ball
1-1: Swinging Strike
1-2: Ball
2-2: Foul Ball, location: 2F
2-2: Ground out 4-3 (Groundball, 34S, EV 84.4 MPH)
Top of the 5th over - 0 runs, 1 hit, 0 errors, 1 left on base; New York 0 - Chicago 3
BOTTOM OF THE 5TH
Chicago White Sox batting - Pitching for New York Yankees : RHP Sean Hill
Now at SS: Jordan de Jesus
Now in LF: Jarrod Joyce
Batting: LHB Randy Rosenberry 0-0: Ball
1-0: Called Strike
1-1: Ball
2-1: Ball
3-1: Called Strike
3-2: Fly out, F7 (Flyball, 7LS, EV 84.4 MPH)
Batting: RHB Joseph Disepolo 0-0: Foul Ball, location: 2F
0-1: Ball
1-1: Foul Ball, location: 2F
1-2: Ball
2-2: Foul Ball, location: 2F
2-2: Foul Ball, location: 2F
2-2: Ground out 4-3 (Groundball, 4, EV 76.2 MPH)
Batting: LHB Jack Christie 0-0: Ball
1-0: Ball
2-0: Ball
3-0: Base on Balls
Batting: SHB Junzo Kato 0-0: Ball
1-0: Ball
2-0: SINGLE (Line Drive, 56, EV 105.0 MPH)
Jack Christie to second
Batting: RHB Chris Cooper 0-0: Called Strike
0-1: Called Strike
0-2: Strikes out swinging
Bottom of the 5th over - 0 runs, 1 hit, 0 errors, 2 left on base; New York 0 - Chicago 3
TOP OF THE 6TH
New York Yankees batting - Pitching for Chicago White Sox : LHP Felix Bernal
Batting: RHB Adriaan Pieters 0-0: Called Strike
0-1: Foul Ball, location: 2F
0-2: Strikes out swinging
Batting: SHB Bartholomeu Chambino 0-0: TRIPLE (Line Drive, 9LD, EV 104.4 MPH)
Batting: LHB Evan Torraville 0-0: Swinging Strike
0-1: Ball
1-1: Foul Ball, location: 2F
1-2: Foul Ball, location: 2F
1-2: Strikes out swinging
Batting: LHB Jim Skare 0-0: Swinging Strike
0-1: Ball
1-1: Swinging Strike
1-2: Ball
2-2: Strikes out swinging
Top of the 6th over - 0 runs, 1 hit, 0 errors, 1 left on base; New York 0 - Chicago 3
BOTTOM OF THE 6TH
Chicago White Sox batting - Pitching for New York Yankees : RHP Sean Hill
Batting: SHB Vince Ealy 0-0: Called Strike
0-1: Ball
1-1: Foul Ball, location: 2F
1-2: Foul Ball, location: 2F
1-2: Ball
2-2: Ball
3-2: Base on Balls
Batting: RHB Steve Castleberry 0-0: Ball
1-0: Swinging Strike
1-1: Ball
2-1: Sac Bunt to 2R - play at first, batter OUT! 2-3
Vince Ealy to second
Pitching: RHP Bao-qing Bu
Batting: LHB Sidney Pedder 0-0: Ball
1-0: Ball
2-0: Ball
3-0: Base on Balls
Batting: SHB Cesar Herrera 0-0: Called Strike
Vince Ealy steals 3rd, throwing error, E2
Vince Ealy scores
Sidney Pedder to third
0-1: Foul Ball, location: 2F
0-2: Ball
1-2: Strikes out swinging
Batting: LHB Randy Rosenberry 0-0: Ball
1-0: Ball
2-0: Swinging Strike
2-1: Ball
3-1: Base on Balls
Batting: RHB Joseph Disepolo 0-0: Called Strike
0-1: Fielders Choice at 2nd, U4 (Groundball, 4M, EV 83.1 MPH)
Bottom of the 6th over - 1 run, 0 hits, 1 error, 2 left on base; New York 0 - Chicago 4
TOP OF THE 7TH
New York Yankees batting - Pitching for Chicago White Sox : LHP Felix Bernal
Batting: RHB James Boynton 0-0: Ball
1-0: Ball
2-0: Ball
3-0: Base on Balls
Batting: RHB Jarrod Joyce 0-0: Ball
1-0: Ball
2-0: Ball
3-0: Base on Balls
James Boynton to second
Batting: LHB Jordan de Jesus 0-0: Foul Ball, location: 2F
0-1: Ball
1-1: Swinging Strike
1-2: Foul Ball, location: 2F
1-2: Strikes out looking
Batting: LHB Brad Ritter 0-0: Ball
1-0: Ball
2-0: Fly out, F7 (Flyball, 7, EV 96.9 MPH)
Batting: RHB C.J. Richerson 0-0: Swinging Strike
0-1: Foul Ball, location: 2F
0-2: Foul Ball, location: 2F
0-2: Foul Ball, location: 2F
0-2: Ball
1-2: Hit by Pitch
James Boynton to third
Jarrod Joyce to second
Pitching: RHP Jacob Taylor
Batting: RHB Adriaan Pieters 0-0: Ball
1-0: Ball
2-0: Called Strike
2-1: Called Strike
2-2: Foul Ball, location: 2F
2-2: Strikes out looking
Top of the 7th over - 0 runs, 0 hits, 0 errors, 3 left on base; New York 0 - Chicago 4
BOTTOM OF THE 7TH
Chicago White Sox batting - Pitching for New York Yankees : RHP Bao-qing Bu
Batting: LHB Jack Christie 0-0: Called Strike
0-1: Ball
1-1: Ball
2-1: SINGLE (Groundball, 5S, EV 68.8 MPH) (infield hit)
Batting: SHB Junzo Kato 0-0: Ball
1-0: Called Strike
1-1: Foul Ball, location: 2F
1-2: Ball
2-2: Grounds into double play, 4-6-3 (Groundball, 4, EV 108.8 MPH)
Batting: RHB Chris Cooper 0-0: Ball
1-0: Ground out 6-3 (Groundball, 6MD, EV 80.0 MPH)
Bottom of the 7th over - 0 runs, 1 hit, 0 errors, 0 left on base; New York 0 - Chicago 4
TOP OF THE 8TH
New York Yankees batting - Pitching for Chicago White Sox : RHP Jacob Taylor
Now at 1B: Junzo Kato
Now at 2B: Vince Ealy
Now at 3B: Dieter Knoops
Batting: SHB Bartholomeu Chambino 0-0: Called Strike
0-1: Foul Ball, location: 2F
0-2: Strikes out looking
Batting: LHB Evan Torraville 0-0: Ball
1-0: Called Strike
1-1: Foul Ball, location: 2F
1-2: Ball
2-2: Ground out 3-1 (Groundball, 34S, EV 90.0 MPH)
Batting: LHB Jim Skare 0-0: Ball
1-0: Ground out 4-3 (Groundball, 4S, EV 81.9 MPH)
Top of the 8th over - 0 runs, 0 hits, 0 errors, 0 left on base; New York 0 - Chicago 4
BOTTOM OF THE 8TH
Chicago White Sox batting - Pitching for New York Yankees : RHP Bao-qing Bu
Batting: SHB Vince Ealy 0-0: Ball
1-0: Ball
2-0: Called Strike
2-1: SOLO HOME RUN (Flyball, 7D, EV 98.8 MPH), Distance : 370 ft
Batting: RHB Steve Castleberry 0-0: Called Strike
0-1: Ball
1-1: Foul Ball, location: 2F
1-2: Ball
2-2: SINGLE (Line Drive, 6M, EV 98.8 MPH)
Batting: LHB Sidney Pedder Pickoff Throw to First - Out! 1-3
0-0: Ball
1-0: Called Strike
1-1: Called Strike
1-2: Strikes out looking
Batting: SHB Cesar Herrera 0-0: Ball
1-0: Ground out 6-3 (Groundball, 6, EV 88.8 MPH)
Bottom of the 8th over - 1 run, 2 hits, 0 errors, 0 left on base; New York 0 - Chicago 5
TOP OF THE 9TH
New York Yankees batting - Pitching for Chicago White Sox : RHP Jacob Taylor
Batting: RHB James Boynton 0-0: Ground out 5-3 (Groundball, 56, EV 103.8 MPH)
Batting: RHB Jarrod Joyce 0-0: Ball
1-0: Ball
2-0: Ball
3-0: Called Strike
3-1: Base on Balls
Batting: LHB Jordan de Jesus 0-0: Swinging Strike
0-1: Swinging Strike
0-2: Ball
1-2: Foul Ball, location: 2F
1-2: Strikes out looking
Batting: LHB Brad Ritter 0-0: Ball
1-0: Called Strike
1-1: Called Strike
1-2: Foul Ball, location: 2F
1-2: Strikes out swinging
Top of the 9th over - 0 runs, 0 hits, 0 errors, 1 left on base; New York 0 - Chicago 5
Tuesday, September 13th , 2022 - OOTP Baseball 23.7 Build 88